 Dungeon Crawl Stone Soup version 0.19-a0-1493-gd0fcaa6 (webtiles) character file.

91 George the Skirmisher (level 4, -4/41 HPs)
             Began as a Minotaur Fighter on Sept 9, 2016.
             Slain by Grinder (5 damage)
             ... while paralysed by Grinder
             ... on level 3 of the Dungeon.
             The game lasted 00:03:01 (1651 turns).

George the Skirmisher (Minotaur Fighter)            Turns: 1651, Time: 00:03:02

Health: -4/41      AC: 13    Str: 21    XL:     4   Next: 34%
Magic:  3/3        EV:  2    Int:  5    God:
Gold:   63         SH:  0    Dex: 10    Spells: 0 memorised, 3 levels left

rFire  . . .     SeeInvis +     a - +0 long sword
rCold  . . .     Gourm    .     t - +0 plate armour
rNeg   . . .     Faith    .     c - +0 shield
rPois  .         Spirit   .     (helmet restricted)
rElec  .         Dismiss  .     (no cloak)
rCorr  .         Reflect  .     (no gloves)
MR     .....     Harm     .     k - +0 pair of boots
Stlth  ..........               (no amulet)
                                (no ring)
                                j - ring of see invisible

@: paralysed
A: retaliatory headbutt, horns 2
a: no special abilities


You were on level 3 of the Dungeon.
You were hungry.

You visited 1 branch of the dungeon, and saw 3 of its levels.

You collected 63 gold pieces.

Inventory:

Hand Weapons
 a - a +0 long sword (weapon)
Armour
 c - a +0 shield (worn)
 k - a +0 pair of boots (worn)
 t - a +0 plate armour (worn)
Jewellery
 j - a ring of see invisible (left hand)
Scrolls
 b - a scroll of noise {unknown}
 h - a scroll of teleportation {unknown}
 m - 5 scrolls of identify {unknown}
 n - a scroll of recharging {unknown}
 s - a scroll of enchant weapon {unknown}
 v - a scroll of remove curse {unknown}
Potions
 d - 3 potions of might
 e - a potion of degeneration {unknown}
 g - 2 potions of heal wounds {unknown}
 i - a potion of mutation {unknown}
 l - a potion of resistance {unknown}
 o - a potion of flight {unknown}
 q - a potion of brilliance {unknown}
 r - a potion of curing {unknown}
Comestibles
 f - 2 bread rations
 p - a beef jerky
 u - a meat ration
 w - a chunk of flesh


   Skills:
 + Level 4.4 Fighting
 * Level 3.9 Long Blades
 + Level 4.3 Armour
 + Level 4.1 Shields


You had 3 spell levels left.
You didn't know any spells.

Dungeon Overview and Level Annotations

Branches:
Dungeon (3/15)

Altars:

Annotations:
D:3 Grinder


Innate Abilities, Weirdness & Mutations

You reflexively headbutt those who attack you in melee.
You have a pair of horns on your head.


Message History

Your shield and plate armour prevent you from hitting Grinder.
Grinder is lightly wounded.
The rat bites you but does no damage. Grinder hits you but does no damage.
The rat completely misses you.
You riposte.
Your plate armour prevents you from hitting the rat.
Your headbutt misses the rat. You completely miss Grinder.
Grinder is lightly wounded.
You block Grinder's attack. You block the rat's attack.
You closely miss Grinder. You headbutt Grinder.
Grinder is lightly wounded.
Grinder gestures at you.
You suddenly lose the ability to move!
The rat bites you but does no damage.
Grinder grins, showing sharp teeth.
Grinder hits you.
* * * LOW HITPOINT WARNING * * *
The rat bites you but does no damage. Grinder hits you.
* * * LOW HITPOINT WARNING * * *
You writhe in agony.
You die...

. .. ...
..###########
..........#
#†.†......
#.@...#
#r.5#....#
#.....####
#.........
..........
####.#.##..
.#.. . .#.##
##


You could see Grinder and a rat.

Vanquished Creatures
  5 adders (D:2)
  An ooze (D:1)
  A dart slug (D:2)
  A giant gecko (D:2)
  2 ball pythons
  4 bats
  2 giant cockroaches (D:1)
  4 hobgoblins
  4 jackals
  A quokka (D:3)
  3 giant newts
  4 goblins
  3 kobolds
  6 rats
41 creatures vanquished.

Notes
Turn   | Place    | Note
-------+----------+-------------------------------------------
     0 | D:1      | George the Minotaur Fighter began the quest for the Orb.
     0 | D:1      | Reached XP level 1. HP: 19/19 MP: 0/0
   196 | D:1      | Reached XP level 2. HP: 27/27 MP: 1/1
   706 | D:2      | Reached XP level 3. HP: 31/33 MP: 2/2
  1458 | D:2      | Reached XP level 4. HP: 33/40 MP: 3/3
  1596 | D:3      | Noticed Grinder
  1630 | D:3      | Paralysed by Grinder for 7 turns
  1650 | D:3      | Paralysed by Grinder for 4 turns
  1650 | D:3      | HP: 2/41 [Grinder (3)]
  1651 | D:3      | Slain by Grinder

Vault maps used:
D:1:      kilobyte_arrival_exit_the_forest, minivault_11
D:2:      kennysheep_nub
D:3:      cheibriados_altar_1, first_bread, uniq_grinder

Skill      XL: |  1  2  3 |
---------------+----------+-----
Long Blades    | 3 |  3.9
Armour         | 4 |  4.3
Fighting       | 4 |  4.4
Shields        | 4 |  4.1

Action                   |  1- 3 |  4- 6 || total
-------------------------+-------+-------++-------
Melee: Long sword        |    99 |    31 ||   130
       Headbutt          |    11 |     6 ||    17
  Eat: Chunk             |     1 |     1 ||     2
Armor: Scale mail        |    34 |       ||    34
       Plate armour      |    15 |    52 ||    67
Dodge: Dodged            |    17 |    19 ||    36
Block: Shield            |    42 |    18 ||    60
